 Dungeon Crawl Stone Soup version 0.29-a0-885-gb26ba3297d (webtiles) character file.

Game seed: 9073545324223499816

1703 pokeman the Thaumaturge (level 8, -1/44 HPs)
             Began as a Deep Elf Hedge Wizard on July 20, 2022.
             Slain by a hornet zombie (9 damage)
             ... in an ossuary.
             The game lasted 00:13:08 (7116 turns).

pokeman the Thaumaturge (Deep Elf Hedge Wizard)     Turns: 7116, Time: 00:13:09

Health: -1/44      AC:  3    Str:  7    XL:     8   Next: 73%
Magic:  26/33      EV: 17    Int: 22    God:
Gold:   278        SH:  0    Dex: 14    Spells: 5/27 levels left

rFire   . . .      SeeInvis .   B - +11 dagger of the Puffball {spect, rElec}
rCold   . . .      Faith    .   (no shield)
rNeg    . . .      Spirit   .   b - +0 robe
rPois   .          Reflect  .   j - +0 helmet
rElec   +          Harm     .   (no cloak)
rCorr   .          Rampage  .   (no gloves)
Will    .....                   (no boots)
Stlth   ++........              (no amulet)
HPRegen 0.14/turn               f - +4 ring of evasion
MPRegen 0.23/turn               w - ring of magical power

@: no status effects
A: no striking features
a: no special abilities


You were in an ossuary.
You visited 2 branches of the dungeon, and saw 8 of its levels.
You also visited: Ossuary.

You collected 278 gold pieces.

Inventory:

Hand Weapons
 c - a +2 short sword of electrocution
 h - a +0 sling
 B - the +11 dagger of the Puffball (weapon) {spect, rElec}
   (You found it on level 5 of the Dungeon)

   When its wielder attacks, the weapon's spirit leaps out and strikes again.
   The spirit shares a part of any damage it takes with its wielder.
   rElec:     It insulates you from electricity.
Missiles
 I - 3 throwing nets
Armour
 b - a +0 robe (worn)
 j - a +0 helmet (worn)
 J - an orb of guile
Magical Staves
 n - a staff of fire
 q - a staff of earth
Jewellery
 f - a +4 ring of evasion (left hand)
 w - a ring of magical power (right hand)
 D - a ring of willpower
 E - an amulet of guardian spirit
Wands
 H - a wand of flame (3)
Scrolls
 a - 4 scrolls of teleportation {unknown}
 e - 2 scrolls of amnesia {unknown}
 l - 2 scrolls of poison {unknown}
 m - 2 scrolls of enchant armour {unknown}
 o - 4 scrolls of identify {unknown}
 p - a scroll of brand weapon {unknown}
 u - 2 scrolls of blinking {unknown}
 y - a scroll of torment {unknown}
 A - a scroll of noise {unknown}
 C - a scroll of vulnerability {unknown}
 G - a scroll of enchant weapon {unknown}
Potions
 d - a potion of magic
 g - a potion of might {unknown}
 i - 2 potions of lignification {unknown}
 k - a potion of attraction {unknown}
 r - a potion of mutation {unknown}
 s - 3 potions of heal wounds {unknown}
 t - a potion of cancellation {unknown}
 v - 2 potions of berserk rage {unknown}
 x - a potion of haste {unknown}
 z - 3 potions of curing {unknown}
 F - a potion of brilliance {unknown}


   Skills:
 - Level 2.0 Fighting
 + Level 2.4 Armour
 - Level 3.1 Dodging
 - Level 3.1 Stealth
 * Level 10.3 Spellcasting
 + Level 5.4 Conjurations
 - Level 1.1 Summonings
 - Level 1.1 Translocations
 + Level 3.9 Fire Magic
 - Level 1.1 Air Magic
 - Level 2.0 Earth Magic
 - Level 1.0 Poison Magic
 - Level 1.2 Evocations


You had 5 spell levels left.
You knew the following spells:

 Your Spells              Type           Power      Damage    Failure   Level
a - Magic Dart            Conj           100%       1d8       1%          1
b - Mephitic Cloud        Conj/Pois/Air  22%        N/A       6%          3
c - Call Imp              Summ           16%        N/A       5%          2
d - Blink                 Tloc           32%        N/A       5%          2
e - Conjure Flame         Conj/Fire      32%        6-21      2%          3
f - Fireball              Conj/Fire      16%        3d8       24%         5
g - Starburst             Conj/Fire      16%        6d6       78%         6

Your spell library contained the following spells:

 Spells                   Type           Power      Damage    Failure   Level
 Searing Ray              Conj           70%        2d7       1%          2
 Slow                     Hex            44%        N/A       6%          1
 Fulminant Prism          Conj/Hex       11%        3d9       19%         4
 Ignition                 Fire           14%        3d6       100%        8


Dungeon Overview and Level Annotations

Branches:
Dungeon (7/15)             Temple (1/1) D:5         Ossuary (1/1)

Altars:
Ashenzari
Cheibriados
Dithmenos
Elyvilon
Fedhas
Gozag
Hepliaklqana
Kikubaaqudgha
Makhleb
Nemelex Xobeh
Okawaru
Qazlal
Ru
Sif Muna
Trog
Uskayaw
Wu Jian
Yredelemnul
Zin

Shops:
D:2 (


Message History

You hit the howler monkey zombie.
The howler monkey zombie is almost destroyed.
Your +11 dagger of the Puffball {spect, rElec} hits the howler monkey zombie!
You destroy the howler monkey zombie!
A hornet zombie comes into view.
Casting: Magic Dart (safe; 1% risk of failure)
Confirm with . or Enter, or press ? or * to list all spells.
The fire begins to smoulder!
A bullfrog zombie comes into view.
A water moccasin zombie comes into view.
The hornet zombie hits you!
The fire ignites!
There is an empty arch of ancient stone here.
Unknown command.
You completely miss the hornet zombie.
Your +11 dagger of the Puffball {spect, rElec} barely misses the hornet zombie.
The hornet zombie is engulfed in blazing flames.
The hornet zombie barely misses you.
The water moccasin zombie bites your +11 dagger of the Puffball {spect, rElec}.
The hornet zombie is engulfed in blazing flames.
The hornet zombie hits you!
* * * LOW HITPOINT WARNING * * *
Unknown command.
You barely miss the hornet zombie.
The hornet zombie is moderately damaged.
Your +11 dagger of the Puffball {spect, rElec} hits the hornet zombie.
The water moccasin zombie barely misses your +11 dagger of the Puffball {spect, rElec}.
The hornet zombie is engulfed in blazing flames.
The hornet zombie closely misses you.
Unknown command.
You barely miss the hornet zombie.
The hornet zombie is heavily damaged.
Your +11 dagger of the Puffball {spect, rElec} barely misses the hornet zombie.
The hornet zombie is engulfed in blazing flames.
The hornet zombie hits you.
* * * LOW HITPOINT WARNING * * *
Unknown command.
Unknown command.
The hornet zombie is engulfed in blazing flames.
The hornet zombie hits you!
You die...

## #≈
#≈##≈
#≈≈#≈#
.≈.≈P
#Z≈≈#+#
≈...
##'##
#ZZ§#
#.∩@#
#∩..#
#####


You could see a water moccasin zombie and a hornet zombie.

Vanquished Creatures
  A water moccasin (D:6)
  A black bear (D:6)
  2 ogres
  An ice beast (D:7)
  A phantom (D:6)
  3 scorpions
  A necrophage (D:6)
  5 wights (D:6)
  A howler monkey (D:5)
  6 hounds
  A jelly (D:7)
  3 mummies (Ossuary)
  2 iguanas (D:6)
  3 orc wizards
  A killer bee zombie (Ossuary)
  A howler monkey zombie (Ossuary)
  4 gnolls (D:5)
  8 adders
  A white imp (D:7)
  An ufetubus (D:6)
  3 worms
  7 orcs
  7 ball pythons
  7 endoplasms
  5 giant cockroaches
  3 goblins
  5 hobgoblins
  14 jackals
  4 quokkas
  6 bats
  5 frilled lizards
  11 kobolds
  4 rats
128 creatures vanquished.

Vanquished Creatures (others)
  2 fungi (D:2)
  12 plants
  4 withered plants (Ossuary)
18 creatures vanquished.

Grand Total: 146 creatures vanquished

Notes
Turn   | Place    | Note
-------+----------+-------------------------------------------
     0 | D:1      | pokeman the Deep Elf Hedge Wizard began the quest for the
                  | Orb.
     0 | D:1      | Reached XP level 1. HP: 10/10 MP: 7/7
   423 | D:1      | Reached XP level 2. HP: 15/15 MP: 1/9
  1115 | D:1      | Reached skill level 5 in Spellcasting
  1672 | D:2      | Found Uguezad's Weapon Boutique.
  1691 | D:2      | Reached XP level 3. HP: 20/20 MP: 8/11
  1695 | D:2      | Learned a level 3 spell: Mephitic Cloud
  1698 | D:2      | Learned a level 2 spell: Call Imp
  1701 | D:2      | Learned a level 2 spell: Blink
  1705 | D:2      | Learned a level 3 spell: Conjure Flame
  2095 | D:2      | Reached skill level 1 in Fighting
  2186 | D:2      | You fall into a shaft and drop 1 floor!
  2283 | D:3      | Found a shadowy altar of Dithmenos.
  2338 | D:3      | Reached skill level 1 in Armour
  2497 | D:3      | Found a sparkling altar of Nemelex Xobeh.
  2668 | D:2      | Reached XP level 4. HP: 25/25 MP: 10/13
  2788 | D:2      | Found a faded altar of an unknown god.
  3971 | D:4      | Found a glowing silver altar of Zin.
  4087 | D:4      | Reached skill level 6 in Spellcasting
  4211 | D:4      | Reached XP level 5. HP: 26/29 MP: 15/15
  4855 | D:5      | Entered Level 5 of the Dungeon
  4898 | D:5      | Identified the +11 dagger of the Puffball {spect, rElec}
  4920 | D:5      | Found a staircase to the Ecumenical Temple.
  4929 | Temple   | Entered the Ecumenical Temple
  5089 | D:5      | Reached skill level 1 in Fire Magic
  5089 | D:5      | Reached skill level 1 in Air Magic
  5089 | D:5      | Reached XP level 6. HP: 28/34 MP: 17/17
  5122 | D:5      | Reached skill level 7 in Spellcasting
  5122 | D:5      | Reached skill level 1 in Poison Magic
  5126 | D:5      | Reached skill level 1 in Earth Magic
  5272 | D:5      | Found a shimmering blue altar of Sif Muna.
  5341 | D:5      | Reached skill level 1 in Evocations
  5341 | D:5      | Reached XP level 7. HP: 38/38 MP: 20/20
  5713 | D:6      | Reached skill level 8 in Spellcasting
  5820 | D:6      | Learned a level 5 spell: Fireball
  5827 | D:6      | Learned a level 6 spell: Starburst
  6141 | D:6      | Reached skill level 9 in Spellcasting
  6141 | D:6      | Reached XP level 8. HP: 44/44 MP: 23/23
  6241 | D:6      | Found a bloodstained altar of Trog.
  6573 | D:6      | Reached skill level 5 in Conjurations
  6946 | D:7      | Reached skill level 10 in Spellcasting
  7033 | D:7      | Found a sand-covered staircase.
  7039 | Ossuary  | Entered an ossuary
  7116 | Ossuary  | Slain by a hornet zombie

Illustrated notes

Levels and vault maps discovered:
D:1:      kennysheep_arrival_seaside, layout_rooms, serial_forest,
          infiniplex_forest_pool, infiniplex_forest_diagonal,
          infiniplex_forest_clump_small, infiniplex_forest_clump_long,
          infiniplex_forest_clump_curved, infiniplex_forest_end_double,
          infiniplex_forest_clump_curved, infiniplex_forest_lined_corner,
          infiniplex_forest_lined_1, infiniplex_forest_join
D:2:      layout_basic, shapermc_ecumenical_altar_mp_urbaneastern, serial_shops,
          shop
D:3:      minmay_angry_zag, layout_basic,
          nicolae_dithmenos_through_a_glass_darkly,
          nemelex_diamond_rough_becter, roderic_lattice_a,
          minmay_misc_feat_rugged
D:4:      layout_loops_ring, nicolae_overflow_crystal_walls
D:5:      layout_basic, mainiacjoe_overflow_tiny_flanked,
          minmay_temple_entry_junction_2
D:6:      layout_gridville, trog_hazing_becter
D:7:      layout_loops_corners, mainiacjoe_overflow_alcove_4, enter_ossuary_2
Temple:   jpeg_temple_clearing
Ossuary:  ossuary_zaba_flooded

Skill      XL: |  1  2  3  4  5  6  7  8 |
---------------+-------------------------+-----
Spellcasting   | 5 6 7 9 10 | 10.3
Fighting       | 1 2 |  2.0
Armour         | 1 2 |  2.4
Conjurations   | 2 3 4 5 |  5.4
Dodging        | 3 |  3.1
Stealth        | 3 |  3.1
Fire Magic     | 1 2 3 |  3.9
Air Magic      | 1 |  1.1
Poison Magic   | 1 |  1.0
Earth Magic    | 1 2 |  2.0
Evocations     | 1 |  1.2
Summonings     | |  1.1
Translocations | |  1.1

Action                   |  1- 3 |  4- 6 |  7- 9 || total
-------------------------+-------+-------+-------++-------
Melee: Dagger            |     7 |    13 |    43 ||    63
       Short sword       |       |     1 |       ||     1
       Punch             |       |       |     1 ||     1
 Fire: Sling             |     7 |       |       ||     7
 Cast: Magic Dart        |   115 |   125 |   116 ||   356
       Mephitic Cloud    |       |     4 |     6 ||    10
       Conjure Flame     |       |       |     3 ||     3
 Stab: Distracted        |       |     1 |       ||     1
       Confused          |       |       |     3 ||     3
Armor: Robe              |     7 |     3 |     8 ||    18
Dodge: Dodged            |    35 |    25 |    23 ||    83

Table legend: (Time is in decaauts)
 A = Elapsed time spent in this place.
 B = Non-inter-level travel time spent in this place.
 C = Inter-level travel time spent in this place.
 D = Time resting spent in this place.
 E = Time spent auto-exploring this place.
 F = Levels seen in this place.
 G = Mean time per level.
                   A        B        C        D        E       F      G
               +--------+--------+--------+--------+--------+-----+--------+
         Total |   7121 |   6888 |    233 |     42 |   5794 |   9 |  791.2 |
       Dungeon |   6936 |   6715 |    221 |     42 |   5666 |   7 |  990.9 |
        Temple |    107 |     95 |     12 |      0 |     82 |   1 |  107.0 |
       Ossuary |     76 |     76 |      0 |      0 |     46 |   1 |   76.0 |
               +--------+--------+--------+--------+--------+-----+--------+

Top non-repeatable levels by time:
     D:1: 1506 daAuts
     D:3: 1404 daAuts
     D:6: 1145 daAuts
     D:2: 1013 daAuts
     D:4: 934 daAuts
     D:5: 740 daAuts
     D:7: 190 daAuts
  Temple: 107 daAuts
 Ossuary: 76 daAuts
